Remparts vs Senators

Created - December 2, 2020 at 19:27

Goals
1 2 3 T
Remparts 3 4 2 9
Senators 0 2 2 4
Shots
1 2 3 T
Remparts 12 12 11 35
Senators 8 18 14 40

1st period

1. Remparts , Aleksander Barkov 12 (Pontus Aberg 20, Griffin Reinhart 9) at 1:37
2. Remparts , Michael Latta 10 (Michal Jordan 8) at 6:55 (PP)
3. Remparts , Tobias Rieder 14 (Aleksander Barkov 22) at 8:44

Penalties :
Cedric Paquette (Que) for Holding (Minor) at 1:42, Justin Peters (BIN) for Slashing (Minor) at 6:24 - Nick Foligno served the penalty, Dylan Blujus (BIN) for High sticking (Minor) at 8:47, Eric Mestery (BIN) for Charging (Minor) at 13:34

2nd period

4. Senators , Tomas Jurco 4 (Nick Foligno 10, Justin Peters) at 2:00 (PP)
5. Remparts , Quinton Howden 3 (Jerry D'Amigo 3, Kirill Kaprizov 4) at 3:13
6. Remparts , Aleksander Barkov 13 (Tobias Rieder 15, Pontus Aberg 21) at 6:56
7. Remparts , Tobias Rieder 15 (Aleksander Barkov 23, Griffin Reinhart 10) at 8:41 (PP)
8. Remparts , Jerry D'Amigo 8 (Quinton Howden 7, William Colbert 7) at 11:13
9. Senators , Jonathan Ferland 13 (Andy Andreoff 6, Nathan Gerbe 24) at 18:53 (PP)

Penalties :
Aleksander Barkov (Que) for Roughing (Minor) at 1:26, Eric Mestery (BIN) for Interference (Minor) at 7:42, Jake Virtanen (Que) for Interference (Minor) at 13:29, Tobias Rieder (Que) for Delaying the game (Minor) at 15:38, Aleksander Barkov (Que) for Tripping (Minor) at 18:05

3rd period

10. Senators , Keegan Lowe 3 (Scott Harrington 6, Nick Foligno 11) at 1:29 (PP)
11. Remparts , Roberts Lipsbergs 3 (Aaron Ekblad 16, Cedric Paquette 5) at 3:48
12. Remparts , Pontus Aberg 12 (Aleksander Barkov 24) at 6:10 (PP)
13. Senators , Andy Andreoff 10 (Nathan Gerbe 25, Jonathan Ferland 15) at 18:26

Penalties :
Michal Jordan (Que) for Hooking (Minor) at 0:03, Eric Mestery (BIN) for Hooking (Minor) at 6:09, Kirill Kaprizov (Que) for Charging (Minor) at 9:14

Goalie Stats

Igor Bobkov (Que), 36 saves from 40 shots - (0.900), W, 9-3-0, 60:00 minutes
Justin Peters (BIN), 21 saves from 26 shots - (0.808), 39:25 minutes
Sami Aittokallio (BIN), 5 saves from 9 shots - (0.556), L, 1-2-0, 20:35 minutes

Players Stats for Remparts

Player Name              G  A  P  +/- PIM S  H  SB GA TA FO     MP     PP MP  PK MP  
------------------------------------------------------------------------------------
Aaron Ekblad             0  1  1   4  0   3  2  1  2  0  0/0    29:57   3:43   6:34 
Aleksander Barkov        2  3  5   3  4   5  0  0  4  0  20/34  18:49   3:11   0:15 
Cedric Paquette          0  1  1   1  2   1  0  0  0  0  3/5     9:49   0:00   1:28 
Griffin Reinhart         0  2  2   1  0   2  0  0  0  1  0/0    17:04   1:46   0:00 
Jake Virtanen            0  0  0  -1  2   0  0  1  0  0  0/0    14:31   2:19   0:00 
Jerry D'Amigo            1  1  2   2  0   3  2  1  0  2  0/0    14:43   0:00   2:48 
John Draeger             0  0  0   1  0   1  0  2  0  0  0/0    13:42   0:00   4:10 
Kirill Kaprizov          0  1  1   2  2   2  0  0  0  1  0/0     9:18   0:00   1:11 
Matt Puempel             0  0  0  -1  0   1  2  0  0  0  0/0    15:40   2:18   0:49 
Michael Latta            1  0  1  -1  0   3  1  2  2  0  11/19  20:38   2:18   6:07 
Michael McCarron         0  0  0   1  0   3  3  0  0  0  0/0     8:17   0:00   0:00 
Michal Jordan            0  1  1   3  2   1  1  4  1  1  0/0    22:22   3:43   0:00 
Niklas Hansson           0  0  0   1  0   0  1  2  0  1  0/0    16:13   0:00   6:34 
Pontus Aberg             1  2  3   3  0   2  1  0  1  0  2/3    18:45   3:11   0:09 
Quinton Howden           1  1  2   2  0   1  2  0  0  0  3/7    10:46   0:00   2:54 
Roberts Lipsbergs        1  0  1   1  0   2  1  0  0  0  0/0     9:48   0:00   1:56 
Tobias Rieder            2  1  3   3  2   4  2  1  0  2  2/5    18:06   3:10   3:51 
William Colbert          0  1  1   0  0   1  1  4  0  0  0/0    20:41   1:46   4:10 

Players Stats for Senators

Player Name              G  A  P  +/- PIM S  H  SB GA TA FO     MP     PP MP  PK MP  
------------------------------------------------------------------------------------
A.J. Jenks               0  0  0   0  0   0  0  0  1  0  0/0     5:47   0:00   0:00 
Adam Ollas-Mattsson      0  0  0   0  0   0  0  0  0  0  0/0     3:03   0:00   0:00 
Andy Andreoff            1  1  2  -2  0   2  0  0  0  2  0/5    21:47   4:57   1:47 
Anthony Richard          0  0  0   0  0   0  0  0  0  0  0/0     0:41   0:35   0:00 
Branden Troock           0  0  0   0  0   0  0  0  0  0  0/0     0:47   0:00   0:26 
Brett Bulmer             0  0  0   0  0   0  0  0  0  1  0/0     5:47   0:00   0:00 
Dylan Blujus             0  0  0  -2  2   0  1  1  1  1  0/0    17:22   3:28   1:09 
Eric Mestery             0  0  0  -2  6   0  0  2  0  2  0/0    17:23   3:28   0:48 
Grant Besse              0  0  0  -1  0   2  1  0  0  0  0/0    10:03   0:12   0:00 
Jack Dougherty           0  0  0  -2  0   0  0  0  0  0  0/0     9:00   0:00   0:00 
Jake Evans               0  0  0   0  0   0  1  0  0  0  0/3     5:47   0:00   0:00 
Jonathan Ferland         1  1  2  -2  0   3  2  0  4  0  1/5    23:16   5:02   3:31 
Jordan Schroeder         0  0  0  -2  0   1  2  0  0  1  7/14   18:20   5:15   0:00 
Keegan Lowe              1  0  1  -1  0   3  2  1  0  0  0/0    29:22   7:16   3:32 
Kevin Rooney             0  0  0  -1  0   3  0  1  0  0  2/2     9:45   0:00   0:00 
Mason Geertsen           0  0  0   0  0   0  0  0  0  0  0/0     3:15   0:00   0:12 
Maxim Letunov            0  0  0   0  0   0  0  0  0  0  0/0     0:00   0:00   0:00 
Nathan Gerbe             0  2  2  -2  0   5  0  0  2  0  20/42  23:18   5:04   3:30 
Nick Foligno             0  2  2  -2  0   6  2  1  0  0  2/2    18:20   5:15   0:00 
Philippe Myers           0  0  0  -2  0   0  0  1  0  2  0/0    11:30   0:00   1:45 
Scott Harrington         0  1  1  -1  0   4  1  0  0  0  0/0    29:22   7:16   3:32 
Tomas Jurco              1  0  1  -2  0   8  4  0  0  1  0/0    19:55   5:15   1:35 
Warren Foegele           0  0  0   0  0   0  0  0  0  0  0/0     0:25   0:25   0:00 
Zemgus Girgensons        0  0  0  -1  0   3  0  0  0  0  0/0    10:12   0:12   0:09 

3 Stars

1 - Aleksander Barkov (Que)
2 - Tobias Rieder (Que)
3 - Pontus Aberg (Que)

Power Play

Remparts - 3 on 5 Attempt(s) - 60.00%
Senators - 3 on 7 Attempt(s) - 42.86%

Penalty Kill

Remparts - 4 on 7 Attempt(s) - 57.14% - Score 0 goal in Penalty Kill
Senators - 2 on 5 Attempt(s) - 40.00% - Score 0 goal in Penalty Kill

Team Stat

Remparts - Hits : 19 - Faceoff Wins : 41 - Blocked Shots : 18 - Penalty Minutes : 14
Senators - Hits : 16 - Faceoff Wins : 32 - Blocked Shots : 7 - Penalty Minutes : 10

Official

Referees : Unknown
Linesman : Unknown

Game Notes

Sami Aittokallio enters game at 3:13 of 2nd period
Justin Peters enters game at 3:48 of 3rd period
Tobias Rieder is injured at 4:58 of 3rd period (Torso)

Finance

Level 1 -- Attendance: 1929 (96.45%) -- Ticket Income $63,657
Level 2 -- Attendance: 907 (90.70%) -- Ticket Income $13,605
Total Attendance: 2836 (94.53%)
Total Ticket Income: $77,262
Other Income: $3,863
Total Income: $81,125

Remparts

5 vs 5 Forward 
   Center                   Left Wing                Right Wing               Time % Phy DF OF 
 1 Aleksander Barkov        Pontus Aberg             Tobias Rieder            40     0   2  3  
 2 Michael Latta            Matt Puempel             Jake Virtanen            30     0   2  3  
 3 Quinton Howden           Kirill Kaprizov          Jerry D'Amigo            20     0   3  2  
 4 Cedric Paquette          Roberts Lipsbergs        Michael McCarron         10     1   2  2  

5 vs 5 Defense 
   Defense                  Defense                                           Time % Phy DF OF 
 1 Aaron Ekblad             Michal Jordan                                     40     0   2  3  
 2 William Colbert          Griffin Reinhart                                  30     0   2  3  
 3 Niklas Hansson           John Draeger                                      20     1   2  2  
 4 Aaron Ekblad             Griffin Reinhart                                  10     0   2  3  

PowerPlay Forward 
   Center                   Left Wing                Right Wing               Time % Phy DF OF 
 1 Aleksander Barkov        Pontus Aberg             Tobias Rieder            60     0   1  4  
 2 Michael Latta            Matt Puempel             Jake Virtanen            40     0   1  4  

PowerPlay Defense
   Defense                  Defense                                           Time % Phy DF OF 
 1 Aaron Ekblad             Michal Jordan                                     60     0   2  3  
 2 Griffin Reinhart         William Colbert                                   40     0   2  3  

Penalty Kill 4 Players Forward 
   Center                   Wing                     Time % Phy DF OF 
 1 Michael Latta            Tobias Rieder            60     1   3  1  
 2 Quinton Howden           Jerry D'Amigo            40     1   3  1  

Penalty Kill 4 Players Defense
   Defense                  Defense                  Time % Phy DF OF 
 1 Aaron Ekblad             Niklas Hansson           60     1   4  0  
 2 William Colbert          John Draeger             40     1   4  0  

Penalty Kill - 3 Players Forward 
   Forward                                           Time % Phy DF OF 
 1 Michael Latta                                     60     1   3  1  
 2 Tobias Rieder                                     40     1   3  1  

Penalty Kill - 3 Players Defense
   Defense                  Defense                  Time % Phy DF OF 
 1 Niklas Hansson           Aaron Ekblad             60     1   4  0  
 2 John Draeger             William Colbert          40     1   4  0  

4 vs 4 Forward 
   Center                   Wing                     Time % Phy DF OF 
 1 Aleksander Barkov        Pontus Aberg             60     0   2  3  
 2 Michael Latta            Tobias Rieder            40     0   2  3  

4 vs 4 Defense
   Defense                  Defense                  Time % Phy DF OF 
 1 Aaron Ekblad             Michal Jordan            60     0   2  3  
 2 William Colbert          Griffin Reinhart         40     0   2  3  

Last Minutes Offensive
   Center                   Left Wing                Right Wing               Defense                  Defense                  
   Aleksander Barkov        Pontus Aberg             Tobias Rieder            Aaron Ekblad             Griffin Reinhart         

Last Minutes Defensive
   Center                   Left Wing                Right Wing               Defense                  Defense                  
   Aleksander Barkov        Pontus Aberg             Tobias Rieder            Aaron Ekblad             Niklas Hansson           

Goaltenders
Starting : Igor Bobkov              
Backup : Garret Sparks            

Extra Forwards
Normal : Tobias Rieder, Aleksander Barkov, Pontus Aberg - PP : Jake Virtanen, Aleksander Barkov - PK : Michael Latta
Extra Defensemen
Normal : Griffin Reinhart, Aaron Ekblad, Michal Jordan - PP : Niklas Hansson - PK : John Draeger, Aaron Ekblad
Penalty Shots
Aleksander Barkov, Tobias Rieder, Pontus Aberg, Quinton Howden, Jerry D'Amigo

Scratches
Viktor Baldayev (Healthy), Juuso Ikonen (Healthy), Michael Downing (Healthy), Keaton Thompson (Healthy), Kyle Platzer (Healthy)
Connor Honey (Healthy), Caleb Jones (Healthy), Lukas Vejdemo (Healthy), Kyle Capobianco (Healthy), Dmytro Timashov (Healthy)
Anton Zlobin (Healthy), Mitchell Heard (Healthy), Nelson Nogier (Healthy), Marek Langhamer (Healthy)

Senators

5 vs 5 Forward 
   Center                   Left Wing                Right Wing               Time % Phy DF OF 
 1 Nathan Gerbe             Andy Andreoff            Jonathan Ferland         40     1   2  2  
 2 Jordan Schroeder         Nick Foligno             Tomas Jurco              30     1   2  2  
 3 Kevin Rooney             Zemgus Girgensons        Grant Besse              20     1   2  2  
 4 Jake Evans               A.J. Jenks               Brett Bulmer             10     1   2  2  

5 vs 5 Defense 
   Defense                  Defense                                           Time % Phy DF OF 
 1 Keegan Lowe              Scott Harrington                                  40     1   2  2  
 2 Dylan Blujus             Eric Mestery                                      30     1   2  2  
 3 Jack Dougherty           Philippe Myers                                    20     1   2  2  
 4 Mason Geertsen           Adam Ollas-Mattsson                               10     1   2  2  

PowerPlay Forward 
   Center                   Left Wing                Right Wing               Time % Phy DF OF 
 1 Nathan Gerbe             Andy Andreoff            Jonathan Ferland         60     1   2  2  
 2 Jordan Schroeder         Nick Foligno             Tomas Jurco              40     1   2  2  

PowerPlay Defense
   Defense                  Defense                                           Time % Phy DF OF 
 1 Keegan Lowe              Scott Harrington                                  60     1   2  2  
 2 Dylan Blujus             Eric Mestery                                      40     1   2  2  

Penalty Kill 4 Players Forward 
   Center                   Wing                     Time % Phy DF OF 
 1 Jonathan Ferland         Nathan Gerbe             60     1   2  2  
 2 Andy Andreoff            Tomas Jurco              40     1   2  2  

Penalty Kill 4 Players Defense
   Defense                  Defense                  Time % Phy DF OF 
 1 Keegan Lowe              Scott Harrington         60     1   2  2  
 2 Dylan Blujus             Eric Mestery             40     1   2  2  

Penalty Kill - 3 Players Forward 
   Forward                                           Time % Phy DF OF 
 1 Jonathan Ferland                                  60     1   2  2  
 2 Nathan Gerbe                                      40     1   2  2  

Penalty Kill - 3 Players Defense
   Defense                  Defense                  Time % Phy DF OF 
 1 Keegan Lowe              Scott Harrington         60     1   2  2  
 2 Dylan Blujus             Eric Mestery             40     1   2  2  

4 vs 4 Forward 
   Center                   Wing                     Time % Phy DF OF 
 1 Jonathan Ferland         Nathan Gerbe             60     1   2  2  
 2 Andy Andreoff            Tomas Jurco              40     1   2  2  

4 vs 4 Defense
   Defense                  Defense                  Time % Phy DF OF 
 1 Keegan Lowe              Scott Harrington         60     1   2  2  
 2 Dylan Blujus             Eric Mestery             40     1   2  2  

Last Minutes Offensive
   Center                   Left Wing                Right Wing               Defense                  Defense                  
   Nathan Gerbe             Andy Andreoff            Jonathan Ferland         Keegan Lowe              Scott Harrington         

Last Minutes Defensive
   Center                   Left Wing                Right Wing               Defense                  Defense                  
   Nathan Gerbe             Andy Andreoff            Jonathan Ferland         Keegan Lowe              Scott Harrington         

Goaltenders
Starting : Justin Peters            
Backup : Sami Aittokallio         

Extra Forwards
Normal : Anthony Richard, Warren Foegele, Branden Troock - PP : Anthony Richard, Warren Foegele - PK : Branden Troock
Extra Defensemen
Normal : Jack Dougherty, Philippe Myers, Mason Geertsen - PP : Jack Dougherty - PK : Philippe Myers, Mason Geertsen
Penalty Shots
Jonathan Ferland, Nathan Gerbe, Andy Andreoff, Tomas Jurco, Nick Foligno

Scratches
Zach Nastasiuk (Healthy), Chandler Stephenson (Healthy), Jonas Siegenthaler (Healthy), Blake Coleman (Healthy), Pontus Sjalin (Healthy)
Keven Bouchard (Healthy)

% Time on Ice - Remparts

Lines # - Real PCT - Wanted PCT - Time Play
Normal Forward
1 - 36% - 40% - 15:55
2 - 28% - 30% - 12:13
3 - 18% - 20% - 7:47
4 - 18% - 10% - 7:52
Normal Defense
1 - 43% - 40% - 18:57
2 - 34% - 30% - 14:45
3 - 21% - 20% - 9:22
4 - 2% - 10% - 0:43
PP Forward
1 - 58% - 60% - 3:11
2 - 42% - 40% - 2:18
PP Defense
1 - 68% - 60% - 3:43
2 - 32% - 40% - 1:46
PK Forward
1 - 74% - 60% - 7:56
2 - 26% - 40% - 2:48
PK Defense
1 - 61% - 60% - 6:34
2 - 39% - 40% - 4:10
PK3 Forward
1 - 0% - 60%
2 - 0% - 40%
PK3 Defense
1 - 0% - 60%
2 - 0% - 40%
44 Forward
1 - 0% - 60%
2 - 0% - 40%
44 Defense
1 - 0% - 60%
2 - 0% - 40%
Last Minute Offensive  - 0:00
Last Minute Defensive  - 0:00
Total
Forward - 60:00
Defense - 60:00

% Time on Ice - Senators

Lines # - Real PCT - Wanted PCT - Time Play
Normal Forward
1 - 35% - 40% - 15:10
2 - 30% - 30% - 13:05
3 - 22% - 20% - 9:45
4 - 13% - 10% - 5:47
Normal Defense
1 - 42% - 40% - 18:34
2 - 30% - 30% - 13:10
3 - 21% - 20% - 9:00
4 - 7% - 10% - 3:03
PP Forward
1 - 51% - 60% - 5:29
2 - 49% - 40% - 5:15
PP Defense
1 - 68% - 60% - 7:16
2 - 32% - 40% - 3:28
PK Forward
1 - 71% - 60% - 3:54
2 - 29% - 40% - 1:35
PK Defense
1 - 64% - 60% - 3:32
2 - 36% - 40% - 1:57
PK3 Forward
1 - 0% - 60%
2 - 0% - 40%
PK3 Defense
1 - 0% - 60%
2 - 0% - 40%
44 Forward
1 - 0% - 60%
2 - 0% - 40%
44 Defense
1 - 0% - 60%
2 - 0% - 40%
Last Minute Offensive  - 0:00
Last Minute Defensive  - 0:00
Total
Forward - 60:00
Defense - 60:00

Play-by-Play

1st period


0:01 of 1st period - Aleksander Barkov wins face-off versus Nathan Gerbe in neutral zone.
0:16 of 1st period - Snap shot by Aleksander Barkov.
0:16 of 1st period - Stopped by Justin Peters with a rebound.
0:53 of 1st period - Slapshot by Kevin Rooney.
0:53 of 1st period - Stopped by Igor Bobkov with a rebound.
0:55 of 1st period - Slapshot by Grant Besse.
0:55 of 1st period - Shot Misses the Net.
0:57 of 1st period - Snap shot by Keegan Lowe.
0:57 of 1st period - Stopped by Igor Bobkov with a rebound.
1:37 of 1st period - Wrist shot by Aleksander Barkov.
1:37 of 1st period - Goal by Aleksander Barkov - Remparts : 1 - Senators : 0.
1:38 of 1st period - Jordan Schroeder wins face-off versus Cedric Paquette in neutral zone.
1:42 of 1st period - Minor Penalty to Cedric Paquette for Holding.
1:43 of 1st period - Michael Latta wins face-off versus Nathan Gerbe in Remparts zone.
2:08 of 1st period - Michael Latta is hit by Keegan Lowe and loses puck.
2:39 of 1st period - Dylan Blujus is hit by Quinton Howden and loses puck.
3:42 of 1st period - Penalty to Cedric Paquette is over, Cedric Paquette is back on ice.
3:52 of 1st period - Dylan Blujus is hit by Michael McCarron and loses puck.
4:38 of 1st period - Nathan Gerbe is hit by Michal Jordan.
5:07 of 1st period - Jack Dougherty is hit by Matt Puempel and loses puck.
5:32 of 1st period - Wrist shot by Roberts Lipsbergs.
5:32 of 1st period - Stopped by Justin Peters with a rebound.
5:34 of 1st period - Wrist shot by Michael McCarron.
5:34 of 1st period - Stopped by Justin Peters without a rebound.
5:35 of 1st period - Cedric Paquette wins face-off versus Jake Evans in Senators zone.
5:48 of 1st period - Wrist shot by Jake Evans.
5:48 of 1st period - Shot Misses the Net.
6:02 of 1st period - Snap shot by Michael McCarron.
6:02 of 1st period - Stopped by Justin Peters with a rebound.
6:18 of 1st period - Wrist shot by Cedric Paquette.
6:18 of 1st period - Shot Misses the Net.
6:20 of 1st period - Wrist shot by John Draeger.
6:20 of 1st period - Stopped by Justin Peters without a rebound.
6:21 of 1st period - Aleksander Barkov wins face-off versus Jordan Schroeder in Senators zone.
6:24 of 1st period - Snap shot by Aleksander Barkov.
6:24 of 1st period - Deflect By Tobias Rieder.
6:24 of 1st period - Stopped by Justin Peters without a rebound.
6:24 of 1st period - Minor Penalty to Justin Peters for Slashing.
6:25 of 1st period - Nathan Gerbe wins face-off versus Tobias Rieder in Senators zone.
6:34 of 1st period - Backhand shot by Tobias Rieder.
6:34 of 1st period - Shot Misses the Net.
6:36 of 1st period - Slapshot by Aleksander Barkov.
6:36 of 1st period - Shot Misses the Net.
6:50 of 1st period - Jonathan Ferland is hit by Michael Latta and loses puck.
6:55 of 1st period - Snap shot by Michael Latta.
6:55 of 1st period - Goal by Michael Latta - Remparts : 2 - Senators : 0.
6:56 of 1st period - Aleksander Barkov wins face-off versus Nathan Gerbe in neutral zone.
7:03 of 1st period - Jonathan Ferland is hit by Tobias Rieder and loses puck.
7:22 of 1st period - Matt Puempel is hit by Keegan Lowe and loses puck.
7:27 of 1st period - Wrist shot by Nick Foligno.
7:27 of 1st period - Stopped by Igor Bobkov without a rebound.
7:28 of 1st period - Michael Latta wins face-off versus Jordan Schroeder in Remparts zone.
7:33 of 1st period - Wrist shot by Matt Puempel.
7:33 of 1st period - Stopped by Justin Peters with a rebound.
7:35 of 1st period - Slapshot by Niklas Hansson.
7:35 of 1st period - Deflect By Jake Virtanen.
7:35 of 1st period - Shot Misses the Net.
7:35 of 1st period - Puck is out of play.
7:36 of 1st period - Michael Latta wins face-off versus Nathan Gerbe in Senators zone.
7:45 of 1st period - Wrist shot by Nathan Gerbe.
7:45 of 1st period - Shot Misses the Net.
8:40 of 1st period - Wrist shot by Michael Latta.
8:40 of 1st period - Deflect By Jake Virtanen.
8:40 of 1st period - Shot Misses the Net.
8:40 of 1st period - Puck is out of play.
8:41 of 1st period - Aleksander Barkov wins face-off versus Nathan Gerbe in Senators zone.
8:44 of 1st period - Snap shot by Tobias Rieder.
8:44 of 1st period - Goal by Tobias Rieder - Remparts : 3 - Senators : 0.
8:45 of 1st period - Nathan Gerbe wins face-off versus Aleksander Barkov in neutral zone.
8:47 of 1st period - Minor Penalty to Dylan Blujus for High sticking.
8:48 of 1st period - Aleksander Barkov wins face-off versus Jonathan Ferland in Senators zone.
9:23 of 1st period - Slapshot by Michael Latta.
9:23 of 1st period - Shot Misses the Net.
9:25 of 1st period - Wrist shot by Aaron Ekblad.
9:25 of 1st period - Shot Misses the Net.
9:27 of 1st period - Snap shot by Michal Jordan.
9:27 of 1st period - Deflect By Tomas Jurco.
9:27 of 1st period - Stopped by Justin Peters without a rebound.
9:28 of 1st period - Jonathan Ferland wins face-off versus Aleksander Barkov in Senators zone.
10:35 of 1st period - Michal Jordan is hit by Jonathan Ferland and loses puck.
10:47 of 1st period - Penalty to Dylan Blujus is over, Dylan Blujus is back on ice.
11:22 of 1st period - Slapshot by Zemgus Girgensons.
11:22 of 1st period - Stopped by Igor Bobkov with a rebound.
11:40 of 1st period - Snap shot by Tomas Jurco.
11:40 of 1st period - Stopped by Igor Bobkov without a rebound.
11:41 of 1st period - Nick Foligno wins face-off versus Aleksander Barkov in Remparts zone.
11:44 of 1st period - Wrist shot by Jordan Schroeder.
11:44 of 1st period - Shot Blocked by Michal Jordan.
11:46 of 1st period - Snap shot by Tomas Jurco.
11:46 of 1st period - Deflect By Jordan Schroeder.
11:46 of 1st period - Shot Misses the Net.
11:46 of 1st period - Puck is out of play.
11:47 of 1st period - Nathan Gerbe wins face-off versus Aleksander Barkov in Remparts zone.
12:14 of 1st period - Michael Latta is hit by Tomas Jurco and loses puck.
12:40 of 1st period - Icing by William Colbert.
12:41 of 1st period - Nathan Gerbe wins face-off versus Quinton Howden in Remparts zone.
12:42 of 1st period - Snap shot by Jonathan Ferland.
12:42 of 1st period - Shot Blocked by Jerry D'Amigo.
12:44 of 1st period - Slapshot by Jonathan Ferland.
12:44 of 1st period - Shot Misses the Net.
12:46 of 1st period - Wrist shot by Nathan Gerbe.
12:46 of 1st period - Shot Blocked by William Colbert.
12:48 of 1st period - Snap shot by Jonathan Ferland.
12:48 of 1st period - Shot Misses the Net.
12:50 of 1st period - Snap shot by Andy Andreoff.
12:50 of 1st period - Stopped by Igor Bobkov with a rebound.
12:52 of 1st period - Wrist shot by Nathan Gerbe.
12:52 of 1st period - Shot Misses the Net.
12:54 of 1st period - Slapshot by Andy Andreoff.
12:54 of 1st period - Shot Misses the Net.
12:56 of 1st period - Snap shot by Andy Andreoff.
12:56 of 1st period - Shot Misses the Net.
13:25 of 1st period - Off-side.
13:26 of 1st period - Michael Latta wins face-off versus Jake Evans in neutral zone.
13:34 of 1st period - Minor Penalty to Eric Mestery for Charging.
13:35 of 1st period - Aleksander Barkov wins face-off versus Jonathan Ferland in Senators zone.
15:34 of 1st period - Penalty to Eric Mestery is over, Eric Mestery is back on ice.
15:47 of 1st period - Mason Geertsen is hit by Roberts Lipsbergs.
17:33 of 1st period - Matt Puempel is hit by Tomas Jurco and loses puck.
17:42 of 1st period - Wrist shot by Tomas Jurco.
17:42 of 1st period - Shot Blocked by Aaron Ekblad.
18:07 of 1st period - Philippe Myers is hit by Quinton Howden and loses puck.
19:04 of 1st period - Backhand shot by Nick Foligno.
19:04 of 1st period - Shot Blocked by Michal Jordan.
19:45 of 1st period - Wrist shot by Tomas Jurco.
19:45 of 1st period - Shot Blocked by Michal Jordan.
19:47 of 1st period - Slapshot by Nick Foligno.
19:47 of 1st period - Stopped by Igor Bobkov with a rebound.
19:49 of 1st period - Slapshot by Nick Foligno.
19:49 of 1st period - Deflect By Aaron Ekblad.
19:49 of 1st period - Stopped by Igor Bobkov with a rebound.
19:59 of 1st period - Slapshot by Aaron Ekblad.
19:59 of 1st period - Stopped by Justin Peters without a rebound.
Goals for this period are 3 for Remparts vs 0 for Senators.
Shots for this period are 12 for Remparts vs 8 for Senators.

2nd period


0:01 of 2nd period - Aleksander Barkov wins face-off versus Andy Andreoff in neutral zone.
0:16 of 2nd period - Slapshot by Aleksander Barkov.
0:16 of 2nd period - Stopped by Justin Peters with a rebound.
0:26 of 2nd period - Jake Virtanen is hit by Tomas Jurco and loses puck.
0:31 of 2nd period - Snap shot by Tomas Jurco.
0:31 of 2nd period - Stopped by Igor Bobkov without a rebound.
0:32 of 2nd period - Tobias Rieder wins face-off versus Jordan Schroeder in Remparts zone.
1:05 of 2nd period - Slapshot by Nathan Gerbe.
1:05 of 2nd period - Stopped by Igor Bobkov without a rebound.
1:06 of 2nd period - Tobias Rieder wins face-off versus Nathan Gerbe in Remparts zone.
1:13 of 2nd period - Slapshot by Aaron Ekblad.
1:13 of 2nd period - Deflect By Andy Andreoff.
1:13 of 2nd period - Stopped by Justin Peters with a rebound.
1:26 of 2nd period - Minor Penalty to Aleksander Barkov for Roughing.
1:27 of 2nd period - Nathan Gerbe wins face-off versus Tobias Rieder in Remparts zone.
2:00 of 2nd period - Snap shot by Tomas Jurco.
2:00 of 2nd period - Goal by Tomas Jurco - Remparts : 3 - Senators : 1.
2:01 of 2nd period - Aleksander Barkov wins face-off versus Nathan Gerbe in neutral zone.
2:08 of 2nd period - Backhand shot by Scott Harrington.
2:08 of 2nd period - Stopped by Igor Bobkov with a rebound.
2:10 of 2nd period - Slapshot by Keegan Lowe.
2:10 of 2nd period - Deflect By Jonathan Ferland.
2:10 of 2nd period - Shot Blocked by Michal Jordan.
2:10 of 2nd period - Puck is out of play.
2:11 of 2nd period - Aleksander Barkov wins face-off versus Andy Andreoff in Remparts zone.
2:24 of 2nd period - Wrist shot by Jonathan Ferland.
2:24 of 2nd period - Stopped by Igor Bobkov with a rebound.
2:48 of 2nd period - Wrist shot by Nathan Gerbe.
2:48 of 2nd period - Stopped by Igor Bobkov without a rebound.
2:49 of 2nd period - Nick Foligno wins face-off versus Michael Latta in Remparts zone.
2:52 of 2nd period - Wrist shot by Jordan Schroeder.
2:52 of 2nd period - Shot Misses the Net.
3:02 of 2nd period - Slapshot by Michael Latta.
3:02 of 2nd period - Stopped by Justin Peters without a rebound.
3:03 of 2nd period - Kevin Rooney wins face-off versus Quinton Howden in Senators zone.
3:03 of 2nd period - Kevin Rooney is hit by Jerry D'Amigo.
3:11 of 2nd period - Wrist shot by Jerry D'Amigo.
3:11 of 2nd period - Shot Hit the Post.
3:13 of 2nd period - Snap shot by Quinton Howden.
3:13 of 2nd period - Goal by Quinton Howden - Remparts : 4 - Senators : 1.
3:13 of 2nd period - Sami Aittokallio enters game.
3:14 of 2nd period - Nathan Gerbe wins face-off versus Aleksander Barkov in neutral zone.
3:43 of 2nd period - Wrist shot by Nick Foligno.
3:43 of 2nd period - Deflect By Tomas Jurco.
3:43 of 2nd period - Stopped by Igor Bobkov with a rebound.
4:01 of 2nd period - Quinton Howden is hit by Dylan Blujus and loses puck.
4:06 of 2nd period - Wrist shot by Kevin Rooney.
4:06 of 2nd period - Stopped by Igor Bobkov with a rebound.
6:32 of 2nd period - Off-side.
6:33 of 2nd period - Jordan Schroeder wins face-off versus Cedric Paquette in neutral zone.
6:40 of 2nd period - Snap shot by Tomas Jurco.
6:40 of 2nd period - Stopped by Igor Bobkov without a rebound.
6:41 of 2nd period - Nathan Gerbe wins face-off versus Aleksander Barkov in Remparts zone.
6:56 of 2nd period - Snap shot by Aleksander Barkov.
6:56 of 2nd period - Goal by Aleksander Barkov - Remparts : 5 - Senators : 1.
6:57 of 2nd period - Nathan Gerbe wins face-off versus Aleksander Barkov in neutral zone.
7:19 of 2nd period - Icing by Dylan Blujus.
7:20 of 2nd period - Jordan Schroeder wins face-off versus Michael Latta in Senators zone.
7:36 of 2nd period - Wrist shot by Michael Latta.
7:36 of 2nd period - Shot Blocked by Eric Mestery.
7:42 of 2nd period - Minor Penalty to Eric Mestery for Interference.
7:43 of 2nd period - Aleksander Barkov wins face-off versus Jonathan Ferland in Senators zone.
8:29 of 2nd period - Icing by William Colbert.
8:30 of 2nd period - Pontus Aberg wins face-off versus Nathan Gerbe in Remparts zone.
8:41 of 2nd period - Snap shot by Tobias Rieder.
8:41 of 2nd period - Goal by Tobias Rieder - Remparts : 6 - Senators : 1.
8:42 of 2nd period - Nathan Gerbe wins face-off versus Aleksander Barkov in neutral zone.
9:16 of 2nd period - Wrist shot by Tomas Jurco.
9:16 of 2nd period - Shot Misses the Net.
9:18 of 2nd period - Snap shot by Keegan Lowe.
9:18 of 2nd period - Shot Misses the Net.
9:52 of 2nd period - A.J. Jenks is hit by Tobias Rieder and loses puck.
9:57 of 2nd period - Snap shot by Tobias Rieder.
9:57 of 2nd period - Stopped by Sami Aittokallio with a rebound.
10:35 of 2nd period - Snap shot by Quinton Howden.
10:35 of 2nd period - Shot Misses the Net.
10:37 of 2nd period - Slapshot by Aaron Ekblad.
10:37 of 2nd period - Stopped by Sami Aittokallio without a rebound.
10:38 of 2nd period - Aleksander Barkov wins face-off versus Jordan Schroeder in Senators zone.
11:13 of 2nd period - Snap shot by Jerry D'Amigo.
11:13 of 2nd period - Goal by Jerry D'Amigo - Remparts : 7 - Senators : 1.
11:14 of 2nd period - Aleksander Barkov wins face-off versus Nathan Gerbe in neutral zone.
12:06 of 2nd period - Slapshot by Griffin Reinhart.
12:06 of 2nd period - Stopped by Sami Aittokallio with a rebound.
12:34 of 2nd period - Snap shot by Andy Andreoff.
12:34 of 2nd period - Shot Misses the Net.
12:36 of 2nd period - Slapshot by Scott Harrington.
12:36 of 2nd period - Stopped by Igor Bobkov with a rebound.
12:38 of 2nd period - Snap shot by Scott Harrington.
12:38 of 2nd period - Shot Misses the Net.
13:04 of 2nd period - Pontus Aberg is hit by Jake Evans and loses puck.
13:16 of 2nd period - Icing by Jordan Schroeder.
13:17 of 2nd period - Jordan Schroeder wins face-off versus Michael Latta in Senators zone.
13:29 of 2nd period - Minor Penalty to Jake Virtanen for Interference.
13:30 of 2nd period - Michael Latta wins face-off versus Nathan Gerbe in Remparts zone.
14:06 of 2nd period - Off-side.
14:07 of 2nd period - Jordan Schroeder wins face-off versus Quinton Howden in neutral zone.
14:12 of 2nd period - Slapshot by Keegan Lowe.
14:12 of 2nd period - Stopped by Igor Bobkov with a rebound.
14:14 of 2nd period - Slapshot by Scott Harrington.
14:14 of 2nd period - Shot Blocked by William Colbert.
14:16 of 2nd period - Backhand shot by Tomas Jurco.
14:16 of 2nd period - Stopped by Igor Bobkov without a rebound.
14:17 of 2nd period - Jordan Schroeder wins face-off versus Michael Latta in Remparts zone.
14:20 of 2nd period - Slapshot by Tomas Jurco.
14:20 of 2nd period - Stopped by Igor Bobkov with a rebound.
14:22 of 2nd period - Wrist shot by Nick Foligno.
14:22 of 2nd period - Stopped by Igor Bobkov with a rebound.
15:06 of 2nd period - William Colbert is hit by Scott Harrington and loses puck.
15:23 of 2nd period - Wrist shot by Tomas Jurco.
15:23 of 2nd period - Stopped by Igor Bobkov with a rebound.
15:25 of 2nd period - Slapshot by Nick Foligno.
15:25 of 2nd period - Shot Blocked by William Colbert.
15:27 of 2nd period - Slapshot by Keegan Lowe.
15:27 of 2nd period - Shot Misses the Net.
15:29 of 2nd period - Penalty to Jake Virtanen is over, Jake Virtanen is back on ice.
15:29 of 2nd period - Wrist shot by Scott Harrington.
15:29 of 2nd period - Shot Blocked by Jake Virtanen.
15:31 of 2nd period - Slapshot by Tomas Jurco.
15:31 of 2nd period - Deflect By Jordan Schroeder.
15:31 of 2nd period - Stopped by Igor Bobkov with a rebound.
15:33 of 2nd period - Slapshot by Scott Harrington.
15:33 of 2nd period - Deflect By Jordan Schroeder.
15:33 of 2nd period - Shot Blocked by William Colbert.
15:33 of 2nd period - Puck is out of play.
15:34 of 2nd period - Nathan Gerbe wins face-off versus Tobias Rieder in Remparts zone.
15:38 of 2nd period - Minor Penalty to Tobias Rieder for Delaying the game.
15:39 of 2nd period - Michael Latta wins face-off versus Nathan Gerbe in Remparts zone.
16:21 of 2nd period - John Draeger is hit by Tomas Jurco and loses puck.
17:32 of 2nd period - Eric Mestery is hit by Aaron Ekblad and loses puck.
17:38 of 2nd period - Penalty to Tobias Rieder is over, Tobias Rieder is back on ice.
18:05 of 2nd period - Minor Penalty to Aleksander Barkov for Tripping.
18:06 of 2nd period - Michael Latta wins face-off versus Nathan Gerbe in Remparts zone.
18:17 of 2nd period - Slapshot by Michael Latta.
18:17 of 2nd period - Stopped by Sami Aittokallio without a rebound.
18:18 of 2nd period - Michael Latta wins face-off versus Nathan Gerbe in Senators zone.
18:47 of 2nd period - Slapshot by Keegan Lowe.
18:47 of 2nd period - Shot Blocked by Niklas Hansson.
18:49 of 2nd period - Wrist shot by Nick Foligno.
18:49 of 2nd period - Stopped by Igor Bobkov without a rebound.
18:50 of 2nd period - Nathan Gerbe wins face-off versus Quinton Howden in Remparts zone.
18:53 of 2nd period - Snap shot by Andy Andreoff.
18:53 of 2nd period - Deflect By Jonathan Ferland.
18:53 of 2nd period - Goal by Jonathan Ferland - Remparts : 7 - Senators : 2.
18:54 of 2nd period - Nathan Gerbe wins face-off versus Aleksander Barkov in neutral zone.
19:25 of 2nd period - Wrist shot by Jake Virtanen.
19:25 of 2nd period - Shot Blocked by Nick Foligno.
19:43 of 2nd period - Slapshot by Quinton Howden.
19:43 of 2nd period - Shot Misses the Net.
19:45 of 2nd period - Slapshot by Kirill Kaprizov.
19:45 of 2nd period - Stopped by Sami Aittokallio without a rebound.
19:46 of 2nd period - Nathan Gerbe wins face-off versus Aleksander Barkov in Senators zone.
Goals for this period are 4 for Remparts vs 2 for Senators.
Shots for this period are 12 for Remparts vs 18 for Senators.

3rd period


0:01 of 3rd period - Aleksander Barkov wins face-off versus Andy Andreoff in neutral zone.
0:03 of 3rd period - Minor Penalty to Michal Jordan for Hooking.
0:04 of 3rd period - Michael Latta wins face-off versus Nathan Gerbe in Remparts zone.
0:45 of 3rd period - Michael Latta is hit by Nick Foligno and loses puck.
0:53 of 3rd period - Icing by Keegan Lowe.
0:54 of 3rd period - Quinton Howden wins face-off versus Jordan Schroeder in Senators zone.
0:57 of 3rd period - Slapshot by Quinton Howden.
0:57 of 3rd period - Shot Blocked by Keegan Lowe.
1:23 of 3rd period - Wrist shot by Nick Foligno.
1:23 of 3rd period - Shot Blocked by John Draeger.
1:25 of 3rd period - Slapshot by Scott Harrington.
1:25 of 3rd period - Stopped by Igor Bobkov with a rebound.
1:27 of 3rd period - Slapshot by Scott Harrington.
1:27 of 3rd period - Shot Blocked by John Draeger.
1:29 of 3rd period - Slapshot by Keegan Lowe.
1:29 of 3rd period - Goal by Keegan Lowe - Remparts : 7 - Senators : 3.
1:30 of 3rd period - Aleksander Barkov wins face-off versus Nathan Gerbe in neutral zone.
2:07 of 3rd period - Snap shot by Zemgus Girgensons.
2:07 of 3rd period - Stopped by Igor Bobkov without a rebound.
2:08 of 3rd period - Jordan Schroeder wins face-off versus Aleksander Barkov in Remparts zone.
3:10 of 3rd period - Snap shot by Nathan Gerbe.
3:10 of 3rd period - Shot Blocked by Michael Latta.
3:34 of 3rd period - Slapshot by Jerry D'Amigo.
3:34 of 3rd period - Shot Misses the Net.
3:46 of 3rd period - Slapshot by Aaron Ekblad.
3:46 of 3rd period - Shot Misses the Net.
3:48 of 3rd period - Snap shot by Roberts Lipsbergs.
3:48 of 3rd period - Goal by Roberts Lipsbergs - Remparts : 8 - Senators : 3.
3:48 of 3rd period - Justin Peters enters game.
3:49 of 3rd period - Aleksander Barkov wins face-off versus Andy Andreoff in neutral zone.
4:01 of 3rd period - Wrist shot by Jonathan Ferland.
4:01 of 3rd period - Stopped by Igor Bobkov with a rebound.
4:15 of 3rd period - Aaron Ekblad is hit by Nick Foligno and loses puck.
4:44 of 3rd period - Snap shot by Kevin Rooney.
4:44 of 3rd period - Stopped by Igor Bobkov with a rebound.
4:46 of 3rd period - Slapshot by Scott Harrington.
4:46 of 3rd period - Deflect By William Colbert.
4:46 of 3rd period - Stopped by Igor Bobkov with a rebound.
4:58 of 3rd period - Wrist shot by Jonathan Ferland.
4:58 of 3rd period - Shot Blocked by Tobias Rieder.
4:58 of 3rd period - Tobias Rieder from Remparts is injured at 4:58 of 3rd period (Torso).
4:59 of 3rd period - Aleksander Barkov wins face-off versus Nathan Gerbe in Remparts zone.
5:04 of 3rd period - Nathan Gerbe is hit by Pontus Aberg and loses puck.
5:50 of 3rd period - Slapshot by Jerry D'Amigo.
5:50 of 3rd period - Shot Blocked by Eric Mestery.
5:52 of 3rd period - Slapshot by Aaron Ekblad.
5:52 of 3rd period - Deflect By Jerry D'Amigo.
5:52 of 3rd period - Stopped by Justin Peters without a rebound.
5:53 of 3rd period - Quinton Howden wins face-off versus Nathan Gerbe in Senators zone.
5:56 of 3rd period - Slapshot by Griffin Reinhart.
5:56 of 3rd period - Stopped by Justin Peters with a rebound.
5:58 of 3rd period - Backhand shot by Kirill Kaprizov.
5:58 of 3rd period - Stopped by Justin Peters without a rebound.
5:59 of 3rd period - Nathan Gerbe wins face-off versus Aleksander Barkov in Senators zone.
6:06 of 3rd period - Snap shot by Aleksander Barkov.
6:06 of 3rd period - Stopped by Justin Peters without a rebound.
6:07 of 3rd period - Nathan Gerbe wins face-off versus Aleksander Barkov in Senators zone.
6:09 of 3rd period - Minor Penalty to Eric Mestery for Hooking.
6:10 of 3rd period - Aleksander Barkov wins face-off versus Jonathan Ferland in Senators zone.
6:10 of 3rd period - Slapshot by Pontus Aberg.
6:10 of 3rd period - Goal by Pontus Aberg - Remparts : 9 - Senators : 3.
6:11 of 3rd period - Pontus Aberg wins face-off versus Nathan Gerbe in neutral zone.
6:37 of 3rd period - Jordan Schroeder is hit by Matt Puempel and loses puck.
6:58 of 3rd period - Brett Bulmer is hit by Michael McCarron and loses puck.
7:07 of 3rd period - Snap shot by Michael McCarron.
7:07 of 3rd period - Stopped by Justin Peters with a rebound.
7:29 of 3rd period - Icing by Grant Besse.
7:30 of 3rd period - Kevin Rooney wins face-off versus Pontus Aberg in Senators zone.
7:57 of 3rd period - Andy Andreoff is hit by Aaron Ekblad.
8:22 of 3rd period - Wrist shot by Tomas Jurco.
8:22 of 3rd period - Shot Misses the Net.
8:57 of 3rd period - Off-side.
8:58 of 3rd period - Quinton Howden wins face-off versus Nathan Gerbe in neutral zone.
9:14 of 3rd period - Minor Penalty to Kirill Kaprizov for Charging.
9:15 of 3rd period - Nathan Gerbe wins face-off versus Michael Latta in Remparts zone.
9:18 of 3rd period - Snap shot by Nathan Gerbe.
9:18 of 3rd period - Stopped by Igor Bobkov without a rebound.
9:19 of 3rd period - Nathan Gerbe wins face-off versus Michael Latta in Remparts zone.
9:30 of 3rd period - Slapshot by Jonathan Ferland.
9:30 of 3rd period - Shot Blocked by Michael Latta.
9:32 of 3rd period - Slapshot by Nathan Gerbe.
9:32 of 3rd period - Stopped by Igor Bobkov without a rebound.
9:33 of 3rd period - Michael Latta wins face-off versus Nathan Gerbe in Remparts zone.
9:33 of 3rd period - Michael Latta is hit by Jonathan Ferland.
11:14 of 3rd period - Penalty to Kirill Kaprizov is over, Kirill Kaprizov is back on ice.
11:19 of 3rd period - Backhand shot by Grant Besse.
11:19 of 3rd period - Shot Misses the Net.
11:29 of 3rd period - Snap shot by Aaron Ekblad.
11:29 of 3rd period - Deflect By Kirill Kaprizov.
11:29 of 3rd period - Shot Blocked by Kevin Rooney.
11:29 of 3rd period - Puck is out of play.
11:30 of 3rd period - Aleksander Barkov wins face-off versus Jake Evans in Senators zone.
11:31 of 3rd period - Slapshot by Pontus Aberg.
11:31 of 3rd period - Shot Blocked by Philippe Myers.
11:39 of 3rd period - Slapshot by Pontus Aberg.
11:39 of 3rd period - Stopped by Justin Peters with a rebound.
11:59 of 3rd period - Philippe Myers is hit by Jerry D'Amigo and loses puck.
12:18 of 3rd period - Snap shot by Nathan Gerbe.
12:18 of 3rd period - Stopped by Igor Bobkov without a rebound.
12:19 of 3rd period - Aleksander Barkov wins face-off versus Andy Andreoff in Remparts zone.
12:46 of 3rd period - Dylan Blujus is hit by William Colbert and loses puck.
13:13 of 3rd period - William Colbert is hit by Grant Besse and loses puck.
14:32 of 3rd period - Jack Dougherty is hit by Michael McCarron.
14:59 of 3rd period - Snap shot by Zemgus Girgensons.
14:59 of 3rd period - Stopped by Igor Bobkov with a rebound.
15:11 of 3rd period - Slapshot by Grant Besse.
15:11 of 3rd period - Shot Misses the Net.
15:13 of 3rd period - Slapshot by Jack Dougherty.
15:13 of 3rd period - Deflect By Grant Besse.
15:13 of 3rd period - Stopped by Igor Bobkov with a rebound.
15:15 of 3rd period - Snap shot by Kevin Rooney.
15:15 of 3rd period - Deflect By Zemgus Girgensons.
15:15 of 3rd period - Shot Misses the Net.
15:15 of 3rd period - Puck is out of play.
15:16 of 3rd period - Cedric Paquette wins face-off versus Nathan Gerbe in Remparts zone.
15:45 of 3rd period - Wrist shot by Nick Foligno.
15:45 of 3rd period - Stopped by Igor Bobkov without a rebound.
15:46 of 3rd period - Michael Latta wins face-off versus Jordan Schroeder in Remparts zone.
15:58 of 3rd period - Icing by Eric Mestery.
15:59 of 3rd period - Aleksander Barkov wins face-off versus Jordan Schroeder in Senators zone.
16:12 of 3rd period - Wrist shot by Jerry D'Amigo.
16:12 of 3rd period - Shot Blocked by Dylan Blujus.
16:14 of 3rd period - Slapshot by William Colbert.
16:14 of 3rd period - Stopped by Justin Peters without a rebound.
16:15 of 3rd period - Nathan Gerbe wins face-off versus Michael Latta in Senators zone.
16:40 of 3rd period - Griffin Reinhart is hit by Jordan Schroeder and loses puck.
16:49 of 3rd period - Slapshot by Jerry D'Amigo.
16:49 of 3rd period - Stopped by Justin Peters without a rebound.
16:50 of 3rd period - Nathan Gerbe wins face-off versus Michael Latta in Senators zone.
16:50 of 3rd period - Nathan Gerbe is hit by Niklas Hansson.
16:57 of 3rd period - Slapshot by Dylan Blujus.
16:57 of 3rd period - Shot Misses the Net.
16:59 of 3rd period - Snap shot by Nathan Gerbe.
16:59 of 3rd period - Shot Blocked by Niklas Hansson.
17:01 of 3rd period - Slapshot by Andy Andreoff.
17:01 of 3rd period - Shot Misses the Net.
17:17 of 3rd period - Niklas Hansson is hit by Jordan Schroeder and loses puck.
17:36 of 3rd period - Snap shot by Grant Besse.
17:36 of 3rd period - Stopped by Igor Bobkov with a rebound.
18:24 of 3rd period - Snap shot by Nathan Gerbe.
18:24 of 3rd period - Shot Misses the Net.
18:26 of 3rd period - Snap shot by Andy Andreoff.
18:26 of 3rd period - Goal by Andy Andreoff - Remparts : 9 - Senators : 4.
18:27 of 3rd period - Nathan Gerbe wins face-off versus Aleksander Barkov in neutral zone.
19:20 of 3rd period - Wrist shot by Cedric Paquette.
19:20 of 3rd period - Stopped by Justin Peters without a rebound.
19:21 of 3rd period - Cedric Paquette wins face-off versus Nathan Gerbe in Senators zone.
Goals for this period are 2 for Remparts vs 2 for Senators.
Shots for this period are 11 for Remparts vs 14 for Senators.